 Dungeon Crawl Stone Soup version 0.21.1-1-g345015f (webtiles) character file.

4 shakethe the Firebug (level 1, 0/10 HPs)
             Began as a Gargoyle Fire Elementalist on Feb 9, 2018.
             Slain by a hobgoblin
             ... wielding a +0 club
              (1 damage)
             ... on level 1 of the Dungeon.
             The game lasted 00:00:35 (100 turns).

shakethe the Firebug (Gargoyle Fire Elementalist)    Turns: 100, Time: 00:00:36

Health: 0/10       AC:  4    Str: 11    XL:     1   Next: 60%
Magic:  1/3        EV: 12    Int: 15    God:
Gold:   18         SH:  0    Dex: 10    Spells: 3/4 levels left

rFire    . . .     SeeInvis .   (no weapon)
rCold    . . .     Gourm    .   (no shield)
rNeg     + . .     Faith    .   a - +0 robe
rPois    ∞         Spirit   .   (no helmet)
rElec    +         Reflect  .   (no cloak)
rCorr    .         Harm     .   (no gloves)
MR       .....                  (no boots)
Stlth    ++........             (no amulet)
HPRegen  0.03/turn              (no ring)
MPRegen  0.08/turn              (no ring)

@: no status effects
A: negative energy resistance 1, electricity resistance, unbreathing,
petrification resistance, rot immunity, AC +2
a: no special abilities


You were on level 1 of the Dungeon.
You were not hungry.

You visited 1 branch of the dungeon, and saw 1 of its levels.

You collected 18 gold pieces.

Inventory:

Armour
 a - a +0 robe (worn)
 d - a cursed -1 ring mail
   (You found it on level 1 of the Dungeon)
Books
 b - a book of Flames
Comestibles
 c - a ration


   Skills:
 - Level 1.5 Dodging
 - Level 2.1 Stealth
 + Level 2.0 Spellcasting
 + Level 1.2 Conjurations
 * Level 3.1 Fire Magic


You had 3 spell levels left.
You knew the following spells:

 Your Spells              Type           Power        Failure   Level  Hunger
a - Flame Tongue          Conj/Fire      #....        9%          1    #......


Dungeon Overview and Level Annotations

Branches:
Dungeon (1/15)

Altars:


Innate Abilities, Weirdness & Mutations

You are resistant to torment.
Your stone body is resilient. (AC +2)
You are immune to poison.
You resist negative energy. (rN+)
You are resistant to electric shocks. (rElec)
You can survive without breathing.
You are immune to petrification.
You are immune to rotting.


Message History

Welcome, shakethe the Gargoyle Fire Elementalist.
Will you be the one to retrieve the fabulous Orb of Zot from the depths?
Found a staircase leading out of the dungeon.
You see here 16 stones.
As you open the large door, it creaks loudly!
There is a large open door here.
As you open the door, it creaks loudly!
There is an open door here.
You open the door.
There is an open door here.
Found a shiny ring mail.
You now have 18 gold pieces.
Found a stone staircase leading down.
A jackal and a goblin come into view.
The goblin shouts!
You hear a bark!
A jackal comes into view.
A bat comes into view.
A jackal and a goblin come into view.
The jackal barks!
A jackal and a dart slug come into view.
Aim: a goblin The flame tongue hits the goblin.
You kill the goblin!
The jackal barks! x2; The goblin shouts!
You now have 2/3 mp.
The bat hits you but does no damage. The bat hits you but does no damage.
The dart slug launches a dart at you. The slug dart misses you.
The bat closely misses you.
The jackal bites you but does no damage.
The bat hits you but does no damage. The jackal barely misses you.
The bat hits you but does no damage.
The jackal bites you but does no damage.
You hit the jackal. The jackal barely misses you.
Aim: a jackal (heavily wounded)
The flame tongue hits the jackal.
You kill the jackal!
You now have 1/3 mp.
You miss the jackal. The jackal barely misses you. The jackal bites you.
You take 1 damage, and have 9/10 hp.
You closely miss the jackal. The jackal bites you.
You take 1 damage, and have 8/10 hp.
You barely miss the jackal.
The jackal bites you but does no damage.
The jackal closely misses you.
You closely miss the jackal. The jackal bites you.
You take 2 damage, and have 6/10 hp.
You hit the jackal but do no damage.
The jackal bites you but does no damage.
You closely miss the jackal. The jackal closely misses you.
The jackal barely misses you.
You closely miss the jackal.
The jackal bites you but does no damage.
You hit the jackal but do no damage.
The jackal bites you but does no damage. x2
You hit the jackal. The jackal closely misses you.
You hit the jackal but do no damage. The jackal closely misses you.
You hit the jackal.
The jackal bites you but does no damage.
The jackal closely misses you.
You barely miss the jackal. The jackal closely misses you.
You hit the jackal. The jackal bites you.
* * * LOW HITPOINT WARNING * * *
The jackal bites you but does no damage.
You take 3 damage, and have 3/10 hp.
MASSIVE DAMAGE!!
Aim: a jackal (severely wounded)
The flame tongue hits the jackal.
You kill the jackal!
The bat hits you but does no damage.
You now have 1/3 mp.
Aim: a bat The flame tongue misses the bat.
The flame tongue hits the jackal.
The jackal appears unharmed.
The bat hits you but does no damage.
You now have 0/3 mp.
You don't have enough magic to cast that spell.
The bat barely misses you. The bat hits you but does no damage.
The bat barely misses you. The bat hits you but does no damage.
The bat closely misses you.
You see here a shiny ring mail.
d - a shiny ring mail The bat closely misses you.
The jackal closely misses you. The jackal closely misses you.
The jackal barks!
You hear a shout!
You hear an angry hiss.
The jackal bites you but does no damage.
A hobgoblin comes into view. It is wielding a club.
The jackal barely misses you.
You hit the jackal. The jackal bites you.
* * * LOW HITPOINT WARNING * * *
The jackal bites you.
* * * LOW HITPOINT WARNING * * *
The hobgoblin hits you with a club.
You die...

#.
#.#..............####
#.
#....##'###..........
####w##.# #.#####.###
#.##.# #.# #.# #.##.#
#.# #.# #g##.# #.#
#b##.# #.# #h##.# #+#
#@##.# #.....hg#
#.##..... #.#.###
...#. ... #. ... ..
... ##


You could see a dart slug, 2 jackals, a hobgoblin, a goblin and a bat.

Vanquished Creatures
  A goblin (D:1)
  2 jackals (D:1)
3 creatures vanquished.

Notes
Turn   | Place    | Note
-------+----------+-------------------------------------------
     0 | D:1      | shakethe the Gargoyle Fire Elementalist began the quest for the Orb.
     0 | D:1      | Reached XP level 1. HP: 10/10 MP: 3/3
   100 | D:1      | HP: 2/10 [jackal (2)]
   100 | D:1      | Slain by a hobgoblin

Action                   || total
-------------------------++-------
Melee: Unarmed           ||    15
 Cast: Flame Tongue      ||     4
Armor: Robe              ||    18
Dodge: Dodged            ||    19

Vault maps used:
D:1:      lightli_arrival_windingriver

Table legend:
 A = Turns spent in this place as a percentage of turns spent in the entire game.
 B = Non-inter-level travel turns spent in this place as a percentage of non-inter-level travel turns spent in the entire game.
 C = Inter-level travel turns spent in this place as a percentage of turns spent in this place.
 D = Turns resting spent in this place as a percentage of non-inter-level travel turns spent in this place.
 E = Turns spent auto-exploring this place as a percentage of non-inter-level travel turns spent in this place.
 F = Non-inter-level travel turns spent in this place divided by the number of levels of this place that you've seen.
                   A       B       C       D       E      F
               +-------+-------+-------+-------+-------+----------------------
         Total | 100.0 | 100.0 |   0.0 |   0.0 |  60.0 | 100.0
       Dungeon | 100.0 | 100.0 |   0.0 |   0.0 |  60.0 | 100.0
               +-------+-------+-------+-------+-------+----------------------

Table legend:
 A = Kills in this place as a percentage of kills in entire the game.
 B = Kills by you in this place as a percentage of kills by you in the entire game.
 C = Kills by friends in this place as a percentage of kills by friends in the entire game.
 D = Other kills in this place as a percentage of other kills in the entire game.
 E = Experience gained in this place as a percentage of experience gained in the entire game.
 F = Experience gained in this place divided by the number of levels of this place that you have seen.
                   A       B       C       D       E      F
               +-------+-------+-------+-------+-------+----------------------
         Total | 100.0 | 100.0 |   N/A |   N/A | 100.0 |   6.0
       Dungeon | 100.0 | 100.0 |   N/A |   N/A | 100.0 |   6.0
               +-------+-------+-------+-------+-------+----------------------
